 Dungeon Crawl Stone Soup version 0.22-b1-26-g9dbaab1 (webtiles) character file.

107 Lilu the Conjurer (level 4, -2/24 HPs)
             Began as a Deep Elf Conjurer on Aug 6, 2018.
             Slain by a jackal (3 damage)
             ... on level 3 of the Dungeon.
             The game lasted 00:09:14 (1603 turns).

Lilu the Conjurer (Deep Elf Conjurer)               Turns: 1603, Time: 00:09:14

Health: -2/24      AC:  5    Str:  6    XL:     4   Next: 56%
Magic:  10/10      EV: 13    Int: 20    God:
Gold:   154        SH:  0    Dex: 15    Spells: 6/9 levels left

rFire    . . .     SeeInvis .   h - +0 club
rCold    . . .     Gourm    .   (no shield)
rNeg     . . .     Faith    .   a - +0 robe
rPois    .         Spirit   .   i - +0 helmet
rElec    .         Reflect  .   q - +0 cloak (curse)
rCorr    .         Harm     .   e - +0 pair of gloves
MR       .....                  (no boots)
Stlth    ++........             (no amulet)
HPRegen  0.08/turn              (no ring)
MPRegen  0.12/turn              (no ring)

@: no status effects
A: no striking features
a: no special abilities


You were on level 3 of the Dungeon.
You were not hungry.

You visited 1 branch of the dungeon, and saw 3 of its levels.

You collected 154 gold pieces.

Inventory:

Hand Weapons
 h - a +0 club (weapon)
Missiles
 l - 3 javelins (quivered)
 m - 18 sling bullets
 n - 6 tomahawks of dispersal
Armour
 a - a +0 robe (worn)
 e - a +0 pair of gloves (worn)
 i - a +0 helmet (worn)
 q - a cursed +0 cloak (worn)
Wands
 s - a wand of random effects (34)
Scrolls
 b - 3 scrolls of magic mapping {unknown}
 g - a scroll of fog {unknown}
 j - a scroll of identify {unknown}
 k - a scroll of blinking {unknown}
Potions
 f - 4 potions of curing {unknown}
 o - a potion of brilliance {unknown}
 p - a potion of berserk rage {unknown}
 r - 2 potions of haste {unknown}
Comestibles
 c - 4 rations
 d - 3 chunks of flesh


   Skills:
 - Level 2.4 Dodging
 - Level 2.4 Stealth
 - Level 3.0 Spellcasting
 + Level 6.6 Conjurations


You had 6 spell levels left.
You knew the following spells:

 Your Spells              Type           Power        Failure   Level  Hunger
a - Magic Dart            Conj           ####         1%          1    None
b - Searing Ray           Conj           ####..       1%          2    ##.....

Your spell library contained the following spells:

 Spells                   Type           Power        Failure   Level  Hunger
 Iskenderun's Mystic Bla  Conj           ####....     10%         4    ####...
 Fulminant Prism          Conj/Hex       ###.......   36%         4    ####...
 Dazzling Spray           Conj/Hex       ###...       11%         3    ###....
 Force Lance              Conj/Tloc      ###.....     36%         4    ####...


Dungeon Overview and Level Annotations

Branches:
Dungeon (3/15)

Altars:


Message History

The jackal bites you.
The jackal bites you but does no damage.
The jackal completely misses you. The jackal bites you. x2
* * * LOW HITPOINT WARNING * * *
The jackal barely misses you. The jackal barely misses you.
The jackal misses you. The jackal bites you.
* * * LOW HITPOINT WARNING * * *
The jackal closely misses you. The jackal misses you.
The jackal barely misses you. x2
The jackal misses you.
Unknown command.
The jackal closely misses you. x3; The jackal barely misses you.
The jackal closely misses you. The jackal misses you. x2
The jackal bites you.
* * * LOW HITPOINT WARNING * * *
The jackal barely misses you. The jackal bites you.
* * * LOW HITPOINT WARNING * * *
The jackal misses you. The jackal barely misses you. The jackal misses you.
The jackal barely misses you. The jackal bites you.
You die...

#### ## ...
.. ##.######
##.##@.......
#...hhh######
#..##..# #.
#..# #. #).#
#..##..######
#...........#
#..##.)####.#
#. #.<#


You could see 3 jackals.

Vanquished Creatures
  An orc wizard (D:2)
  3 adders (D:2)
  A worm (D:2)
  A dart slug (D:1)
  3 orcs
  A ball python (D:1)
  4 giant cockroaches
  3 goblins
  10 hobgoblins
  8 bats
  2 frilled lizards (D:1)
  5 kobolds
  3 rats
45 creatures vanquished.

Notes
Turn   | Place    | Note
-------+----------+-------------------------------------------
     0 | D:1      | Lilu the Deep Elf Conjurer began the quest for the Orb.
     0 | D:1      | Reached XP level 1. HP: 10/10 MP: 6/6
    61 | D:1      | Reached XP level 2. HP: 15/15 MP: 5/8
   106 | D:1      | Reached skill level 5 in Conjurations
   637 | D:1      | Learned a level 2 spell: Searing Ray
   792 | D:2      | Reached XP level 3. HP: 19/19 MP: 6/9
   998 | D:2      | Reached skill level 6 in Conjurations
  1266 | D:3      | Noticed an ogre
  1304 | D:2      | Reached XP level 4. HP: 24/24 MP: 8/10
  1602 | D:3      | HP: 1/24 [jackal (2)]
  1603 | D:3      | Slain by a jackal

Skill      XL: |  1  2  3 |
---------------+----------+-----
Conjurations   | 5 6 |  6.6
Dodging        | |  2.4
Stealth        | |  2.4
Spellcasting   | |  3.0

Action                   |  1- 3 |  4- 6 || total
-------------------------+-------+-------++-------
Melee: Club              |       |     4 ||     4
Throw: Javelin           |    18 |       ||    18
 Cast: Magic Dart        |    53 |    11 ||    64
       Searing Ray       |     3 |     4 ||     7
  Eat: Chunk             |     1 |     1 ||     2
Armor: Robe              |     1 |    14 ||    15
Dodge: Dodged            |     8 |    53 ||    61
